 Dungeon Crawl Stone Soup version 0.27.0-1-g7a08968 (webtiles) character file.

Game seed: 17536354512313180000

1017 NeededCrab the Cudgeller (level 8, -2/64 HPs)
             Began as a Formicid Monk on Oct 17, 2021.
             Was an Elder of Jiyva.
             Slain by an ogre (7 damage)
             ... on level 6 of the Dungeon.
             The game lasted 00:16:54 (7216 turns).

NeededCrab the Cudgeller (Formicid Monk)            Turns: 7216, Time: 00:16:55

Health: -2/64      AC:  7    Str: 16    XL:     8   Next: 45%
Magic:  8/8        EV: 10    Int: 10    God:    Jiyva [****..]
Gold:   103        SH:  0    Dex: 13    Spells: 7/7 levels left

rFire    . . .     SeeInvis +   s - +0 flail
rCold    . . .     Faith    .   (no shield)
rNeg     . . .     Spirit   .   t - +0 scale mail
rPois    .         Reflect  .   (helmet unavailable)
rElec    .         Harm     .   (no cloak)
rCorr    +         Rampage  .   (no gloves)
Will     .....                  (no boots)
Stlth    +.........             (no amulet)
HPRegen  0.20/turn              (no ring)
MPRegen  0.11/turn              (no ring)

@: no status effects
A: permanent stasis, dig shafts and tunnels, antennae 3, four strong arms, weak
1, jelly sensing items
a: Dig, Shaft Self, Renounce Religion, Request Jelly, Slimify


You were on level 6 of the Dungeon.
You worshipped Jiyva.
Jiyva was greatly pleased with you.
You visited 2 branches of the dungeon, and saw 7 of its levels.

You collected 129 gold pieces.
You spent 26 gold pieces at shops.

Inventory:

Hand Weapons
 s - a +0 flail (weapon)
Armour
 t - a +0 scale mail (worn)
Magical Staves
 q - a staff of air
Scrolls
 c - a scroll of vulnerability {unknown}
 f - a scroll of noise {unknown}
 j - a scroll of brand weapon {unknown}
 k - a scroll of enchant armour {unknown}
 m - a scroll of blinking {unknown}
 n - 2 scrolls of teleportation {unknown}
 p - 3 scrolls of enchant weapon
Potions
 d - a potion of resistance {unknown}
 e - a potion of flight {unknown}
 g - a potion of degeneration {unknown}
 i - 2 potions of curing
 l - a potion of berserk rage {unknown}
 r - a potion of lignification {unknown}


   Skills:
 + Level 6.0 Fighting
 * Level 7.2 Maces & Flails
 + Level 4.8 Armour
 - Level 2.6 Dodging
 - Level 2.4 Stealth


You had 7 spell levels left.
You didn't know any spells.
Your spell library contained the following spells:

 Spells                   Type           Power      Damage    Failure   Level
 Summon Small Mammal      Summ           0%         N/A       77%         1
 Call Canine Familiar     Summ           0%         N/A       98%         3
 Summon Guardian Golem    Hex/Summ       0%         N/A       98%         3


Dungeon Overview and Level Annotations

Branches:
Dungeon (6/15)             Temple (1/1) D:5

Altars:
Ashenzari
Dithmenos
Elyvilon
Fedhas
Gozag
Makhleb
Ru
Uskayaw
Xom
Yredelemnul
Jiyva

Shops:
D:4 (([?   D:5 *

Annotations:
D:3 1 runed translucent door


Innate Abilities, Weirdness & Mutations

You cannot be hasted, slowed, berserked, paralysed or teleported.
You can dig through walls and to a lower floor.
You have a pair of large antennae on your head. (SInv)
Your four strong arms can wield two-handed weapons with a shield.
You are weak. (Str -2)
You have a small jelly attached to you that senses nearby items.


Message History

You sock the centaur!
You kill the centaur!
Your Fighting skill increases to level 6!
Things that are here:
a +0 rapier; a +0 shortbow; 13 arrows You start resting.
Jiyva says: Divide and consume!
You hear a distant slurping noise. x2
Jiyva appreciates your sacrifice.
An ogre comes into view. It is wielding a +0 giant club.
The ogre shouts!
The ogre hits you with a +0 giant club.
You thump the ogre!
The ogre is moderately wounded.
You hear a slurping noise.
The jelly splits in two!
You sock the ogre!
The ogre is severely wounded.
The ogre hits you with a +0 giant club.
Your scale mail prevents you from hitting the ogre.
The ogre is severely wounded.
The ogre closely misses you.
You hear a slurping noise.
You barely miss the ogre.
The ogre is severely wounded.
The ogre hits you with a +0 giant club!
You hear a slurping noise.
You sock the ogre!
The ogre is almost dead.
The ogre hits you with a +0 giant club!
* * * LOW HITPOINT WARNING * * *
You barely miss the ogre.
The ogre is almost dead.
The ogre completely misses you.
You hit the ogre but do no damage.
The ogre is almost dead.
You barely miss the ogre.
The ogre is almost dead.
The ogre hits you with a +0 giant club!
You die...

##...##..###J
###.##....#.
#.###{###.
##.###.###.##
###...##...#..#
...........##.##
###...####..JJ.##
##.#####.###..##
#.###.....#..@#
#.........##..O......
#####.#.####........^
#.#.# ##........
#.#.# ##....... #.#.#
####### #.#.. #.###
#.#


You could see an ogre and 2 neutral jellies (fellow slime).

Vanquished Creatures
  A sky beast (D:6)
  2 ogres (D:5)
  2 centaurs (D:6)
  2 phantoms
  2 bullfrogs (D:6)
  3 scorpions
  A water moccasin skeleton (D:5)
  A bullfrog skeleton (D:6)
  A centaur skeleton (D:5)
  An iguana (D:6)
  Terence (D:3)
  A killer bee zombie (D:5)
  3 adders
  An ufetubus (D:6)
  An adder zombie (D:2)
  2 adder skeletons (D:2)
  3 worms
  2 dart slugs
  An orc (D:4)
  2 endoplasms
  5 giant cockroaches
  2 goblins
  3 hobgoblins
  6 jackals
  7 kobolds
  A quokka (D:1)
  6 ball pythons
  6 bats
  3 frilled lizards
  A jackal zombie (D:2)
  7 rats
80 creatures vanquished.

Vanquished Creatures (others)
  Sigmund (D:2)
  A water moccasin (D:6)
  A black bear (D:5)
  A necrophage (D:4)
  An ogre (D:6)
  A phantom (D:6)
  5 scorpions
  A water moccasin zombie (D:3)
  21 jellies
  A water moccasin skeleton (D:5)
  A killer bee (D:6)
  The ghost of 1n5z the Poker, a weakling TeGl (D:3)
  A centaur zombie (D:6)
  A bullfrog skeleton (D:6)
  2 orc wizards (D:5)
  An iguana (D:4)
  A howler monkey zombie (D:5)
  6 adders
  A shadow imp (D:5)
  An ufetubus (D:6)
  7 orcs
  An endoplasm (D:4)
  A giant cockroach (D:2)
  4 hobgoblins
  2 jackals (D:5)
  2 ball pythons (D:2)
  A bat (D:3)
  2 kobolds
  2 rats (D:3)
  11 withered plants (D:2)
83 creatures vanquished.

Grand Total: 163 creatures vanquished

Notes
Turn   | Place    | Note
-------+----------+-------------------------------------------
     0 | D:1      | NeededCrab the Formicid Monk began the quest for the Orb.
     0 | D:1      | Reached XP level 1. HP: 18/18 MP: 1/1
   219 | D:1      | Reached XP level 2. HP: 24/24 MP: 2/2
   741 | D:1      | Reached skill level 1 in Armour
   776 | D:1      | Reached XP level 3. HP: 29/29 MP: 3/3
  1334 | D:2      | Noticed Sigmund
  1787 | D:2      | Reached XP level 4. HP: 31/37 MP: 4/4
  2105 | D:2      | Found a faded altar of an unknown god.
  2109 | D:2      | Became a worshipper of Jiyva Jorphann the Shapeless
  2109 | D:2      | Reached * piety under Jiyva
  2109 | D:2      | Reached ** piety under Jiyva
  2279 | D:2      | Reached skill level 4 in Maces & Flails
  2325 | D:2      | Killed Sigmund
  2348 | D:2      | Reached *** piety under Jiyva
  2965 | D:3      | Gained mutation: You have a small jelly attached to you
                  | that senses nearby items. [Jiyva's grace]
  3007 | D:3      | Noticed Terence
  3013 | D:3      | Killed Terence
  3105 | D:3      | Found a runed translucent door.
  3109 | D:3      | Noticed 1n5z's ghost (weakling TeGl)
  3343 | D:3      | Found a runed translucent door.
  3355 | D:3      | Killed 1n5z's ghost
  3356 | D:3      | Reached XP level 5. HP: 30/42 MP: 5/5
  3509 | D:4      | Found Bomimoar's Magic Scroll Emporium.
  3535 | D:4      | Bought a scroll of identify for 26 gold pieces
  3659 | D:4      | Reached XP level 6. HP: 19/49 MP: 6/6
  3845 | D:4      | Found Rexinips's Armour Shop.
  3870 | D:4      | Reached skill level 5 in Maces & Flails
  3924 | D:4      | Killed a necrophage
  4002 | D:4      | Found Daahyczu's Antique Weapon Shoppe.
  4020 | D:4      | Found a hide-covered altar of Uskayaw.
  4107 | D:4      | Found Xiant's Antique Weapon Boutique.
  4389 | D:5      | Entered Level 5 of the Dungeon
  4391 | D:5      | Found a burning altar of Makhleb.
  4419 | D:5      | Found a staircase to the Ecumenical Temple.
  4424 | Temple   | Entered the Ecumenical Temple
  4460 | D:5      | Found a shadowy altar of Dithmenos.
  4463 | D:5      | Reached **** piety under Jiyva
  4513 | D:5      | Gained mutation: You are weak. (Str -2) [Jiyva's grace]
  4569 | D:5      | Found a broken altar of Ashenzari.
  4666 | D:5      | Noticed an ogre
  4670 | D:5      | Killed an ogre
  4845 | D:5      | Reached XP level 7. HP: 36/55 MP: 7/7
  4996 | D:5      | Reached skill level 5 in Fighting
  5176 | D:5      | Found a white marble altar of Elyvilon.
  5274 | D:5      | Found Fiecka's Neck Hole.
  5287 | D:5      | Reached skill level 6 in Maces & Flails
  5413 | D:5      | Noticed a slime creature
  5413 | D:5      | an ogre changed into a slime creature
  6002 | D:6      | Reached XP level 8. HP: 29/63 MP: 8/8
  6457 | D:6      | Noticed a wraith
  6961 | D:6      | Reached skill level 7 in Maces & Flails
  7216 | D:6      | Slain by an ogre

Illustrated notes

Levels and vault maps discovered:
D:1:      minmay_arrival_shoal_huts, layout_basic, corexii_leaking_fountain
D:2:      layout_loops_ring, hellmonk_ecumenical_altar_leap_of_faith,
          serial_undead, serial_undead_e, serial_undead_a, serial_undead_b,
          serial_undead_f, serial_undead_c, serial_undead_e, uniq_sigmund
D:3:      layout_loops_ring, ebering_ghost_sewer_f, uniq_terence
D:4:      layout_rooms, nicolae_uskayaw_murder_on_the_dancefloor, serial_shops,
          shop, shop, nicolae_lakefront_shop, nicolae_shop_behind_doors
D:5:      layout_basic, nicolae_dithmenos_through_a_glass_darkly,
          lemuel_coloured_pillars_altar, ashenzari_conservatory_becter,
          bloody_makhleb, minmay_temple_entry_glassed_door,
          nicolae_shop_sticking_my_neck_out
D:6:      layout_loops_ring, nzn_random_ring
Temple:   hc_temple_tempest_star

Skill      XL: |  1  2  3  4  5  6  7  8 |
---------------+-------------------------+-----
Armour         | 1 2 3 4 |  4.8
Maces & Flails | 4 5 6 7 |  7.2
Fighting       | 4 5 6 |  6.0
Dodging        | |  2.6
Stealth        | |  2.4

Action                   |  1- 3 |  4- 6 |  7- 9 || total
-------------------------+-------+-------+-------++-------
Melee: Mace              |   126 |    49 |       ||   175
       Flail             |       |    71 |   123 ||   194
Invok: Slimify           |       |       |     1 ||     1
 Abil: Dig               |     4 |     4 |       ||     8
  Use: Scroll            |       |     3 |       ||     3
 Stab: Sleeping          |     3 |     5 |       ||     8
Armor: Robe              |    23 |     8 |       ||    31
       Scale mail        |       |    29 |    46 ||    75
Dodge: Dodged            |    79 |    81 |    61 ||   221
